 Dungeon Crawl Stone Soup version 0.26.1-2-gb8aa6d0cf2 (webtiles) character file.

Game seed: 6754678926156306878

49737 Chiseanne the Fighter (level 14, -14/115 HPs)
             Began as a Demonspawn Wanderer on Mar 1, 2021.
             Was an Initiate of Gozag.
             Demolished by Donald
             ... wielding a +1 eveningstar of holy wrath
              (16 damage)
             ... on level 1 of the Orcish Mines on Mar 2, 2021.
             The game lasted 01:16:32 (19410 turns).

Chiseanne the Fighter (Demonspawn Wanderer)        Turns: 19410, Time: 01:16:33

Health: -14/115    AC: 21    Str: 20    XL:     14   Next: 17%
Magic:  16/16      EV: 23    Int: 19    God:    Gozag
Gold:   1376       SH: 15    Dex: 27    Spells: 13/15 levels left

rFire    + . .     SeeInvis .   a - +6 scimitar (freeze)
rCold    . . .     Faith    .   V - +2 buckler {AC+3}
rNeg     . . .     Spirit   .   n - +0 chain mail {rPois}
rPois    +         Reflect  +   q - +1 helmet {Int+3}
rElec    .         Harm     .   M - scarf {rC+ rF+}
rCorr    +         Rampage  .   d - +2 pair of gloves {Str+3}
Will     +....                  (boots unavailable)
Stlth    +.........             g - amulet of reflection
HPRegen  0.29/turn              Q - ring of the Octopus King {rCorr AC+1 EV+1 Str+1 Int+1 Dex+1}
MPRegen  0.15/turn              p - ring "Huak" {+Blink rC- Str+3 Dex+6}

@: agile
A: hooves 3, thin skeletal structure 2, powered by pain 2, spiny 2, augmentation
1
a: Renounce Religion, Evoke Blink, Potion Petition, Call Merchant, Bribe Branch


You were on level 1 of the Orcish Mines.
You worshipped Gozag.
Gozag was most pleased with you.
You visited 2 branches of the dungeon, and saw 17 of its levels.

You collected 4750 gold pieces.
You spent 1527 gold pieces at shops.
You paid 1847 gold pieces to Gozag.

Inventory:

Hand Weapons
 a - a +6 scimitar of freezing (weapon)
 f - a +2 short sword of venom
 s - a +4 scimitar of flaming
 w - a +4 hand crossbow of freezing
Missiles
 e - 180 bolts
 h - 6 curare-tipped darts
 i - a throwing net {!*}
 u - 9 javelins
 H - 5 boomerangs of dispersal
 L - 16 boomerangs
 N - 23 poisoned darts (quivered)
 X - 6 atropa-tipped darts
Armour
 d - a +2 pair of gloves of strength (worn)
 n - a +0 chain mail of poison resistance (worn)
 q - a +1 helmet of intelligence (worn)
 M - a scarf of resistance (worn)
 V - a +2 buckler of protection (worn)
Jewellery
 g - an amulet of reflection (around neck)
 p - the ring "Huak" (right hand) {+Blink rC- Str+3 Dex+6}
   (You found it on level 14 of the Dungeon)

   [ring of dexterity]

   It affects your strength (+3).
   It affects your dexterity (+6).
   It makes you vulnerable to cold.
   It lets you blink.
 Q - a ring of the Octopus King (left hand) {rCorr AC+1 EV+1 Str+1 Int+1 Dex+1}
   (You bought it in a shop on level 8 of the Dungeon)

   [ring of resist corrosion]

   It affects your AC (+1).
   It affects your evasion (+1).
   It affects your strength (+1).
   It affects your intelligence (+1).
   It affects your dexterity (+1).
   It provides partial protection from all sources of acid and corrosion.
 T - a +6 ring of dexterity
Wands
 C - a wand of digging (1)
 J - a wand of flame (61)
 K - a wand of acid (7)
Scrolls
 b - 2 scrolls of fog
 c - 6 scrolls of teleportation
 m - 3 scrolls of magic mapping
 B - 4 scrolls of fear
 G - 3 scrolls of blinking
 P - 9 scrolls of remove curse
Potions
 j - 7 potions of ambrosia
 l - a potion of attraction {unknown}
 o - a potion of might {unknown}
 r - 2 potions of curing
 t - a potion of haste
 v - 2 potions of magic
 z - 6 potions of flight
 S - a potion of cancellation
 Z - a potion of invisibility {unknown}
Miscellaneous
 D - a condenser vane
 U - a phial of floods
 W - a tin of tremorstones (inert)


   Skills:
 - Level 12.2 Fighting
 - Level 1.7 Bows
 * Level 10.8 Armour
 * Level 10.8 Dodging
 - Level 1.0 Stealth
 * Level 8.2 Shields
 * Level 1.4 Spellcasting
 * Level 1.5 Translocations
 - Level 11.8 Evocations


You had 13 spell levels left.
You knew the following spells:

 Your Spells              Type           Power        Failure   Level
a - Blink                 Tloc           N/A          69%         2

Your spell library contained the following spells:

 Spells                   Type           Power        Failure   Level
 Animate Skeleton         Necr           2%           77%         1
 Freeze                   Ice            4%           77%         1
 Magic Dart               Conj           4%           77%         1
 Pain                     Necr           4%           77%         1
 Passwall                 Tmut/Erth      0%           88%         2
 Searing Ray              Conj           2%           88%         2
 Swiftness                Air            1%           88%         2
 Gell's Gravitas          Tloc           3%           89%         3
 Lesser Beckoning         Tloc           3%           89%         3
 Teleport Other           Tloc           7%           89%         3
 Dazzling Flash           Conj/Hex       2%           98%         3
 Frozen Ramparts          Ice            2%           98%         3
 Ozocubu's Armour         Ice            1%           98%         3
 Vampiric Draining        Necr           0%           98%         3
 Animate Dead             Necr           0%           100%        4
 Fulminant Prism          Conj/Hex       0%           100%        4
 Hailstorm                Conj/Ice       1%           100%        4
 Iskenderun's Mystic Bla  Conj/Tloc      4%           100%        4
 Passage of Golubria      Tloc           N/A          100%        4
 Summon Ice Beast         Ice/Summ       1%           100%        4
 Agony                    Necr           1%           100%        5
 Lee's Rapid Deconstruct  Erth           0%           100%        5
 Invisibility             Hex            1%           100%        6


Dungeon Overview and Level Annotations

Branches:
Dungeon (15/15)            Temple (0/1) D:7            Lair (0/6) D:10
    Orc (2/2) D:9          Vaults (0/5) D:14         Depths (0/5) D:15
    Elf: Orc:2

Altars:
Elyvilon
Gozag
Kikubaaqudgha
Makhleb
Qazlal
Ru
Sif Muna
Trog
Wu Jian
Xom
Zin
The Shining One

Shops:
D:8 =   D:10 [:   D:13 :(   D:15 ([

Portals:
Trove: D:12 (show slimy rune of Zot)

Annotations:
D:7 1 runed translucent door
D:14 3 runed translucent doors, Quickbrownfox's ghost, journeyman DsGl; Roxanne; Snorg
Orc:1 Donald
Orc:2 3 runed translucent doors


Innate Abilities, Weirdness & Mutations

You have hooves in place of feet.
You have a moderately thin skeletal structure. (Dex +4, Stealth+)
You sometimes gain power by taking damage.
You are mostly covered in sharp spines.
Your magical and physical power is slightly enhanced at high health.


Message History

Your +2 short sword of venom stops dripping with poison.
Your +6 scimitar of freezing glows with a cold blue light!
a - a +6 scimitar of freezing (weapon)
You feel much better. You block Donald's attack.
You feel much better.
Donald says, "Why would someone put a sword in a little box?"
Donald is struck by your spines.
Donald hits you with a +1 eveningstar of holy wrath!!
You focus on the pain.
You feel more agile all of a sudden.
You convulse!!
* * * LOW HITPOINT WARNING * * *
You block Donald's attack.
As you read the scroll of fear, it crumbles to dust.
You assume a fearsome visage.
Donald resists with almost no effort.
Donald hits you with a +1 eveningstar of holy wrath!!
* * * LOW HITPOINT WARNING * * *
You convulse!
You die...
Your body crumbles into a pile of gold.

#.....# ####....##
#####........#
##.##........##
#..........#.##
##.............#
#.............##
##....@.......##
##.#....@.......#
#...#...........##
##...............#
#.......#.....>##
##.##....##....#
###....#......##
##.##........#
#####......##
##...###


You could see Donald (fast, strong, very poisoned).

Vanquished Creatures
  A yaktaur captain (D:15)
  A fire dragon (D:14)
  4 boulder beetles
  Harold (D:7)
  3 hydras (D:13)
  6 centaur warriors
  An ogre mage (D:15)
  7 two-headed ogres
  2 tengu warriors
  A deep elf knight (D:14)
  A skeletal warrior (D:14)
  A deep troll (D:14)
  An orc knight (D:14)
  14 ugly things
  2 deep elf magi
  2 orc sorcerers (Orc:1)
  3 cyclopes
  A manticore (D:15)
  2 centaur zombies (D:15)
  A gargoyle (D:15)
  2 kobold demonologists
  A komodo dragon (D:10)
  8 yaktaurs
  6 trolls
  A meliai (D:13)
  A queen bee (D:11)
  Prince Ribbit (D:6)
  3 hornets
  6 slime creatures (D:13)
  Grinder (D:6)
  A harpy skeleton (D:15)
  A meliai zombie (D:13)
  A centaur simulacrum (D:15)
  A spriggan (D:14)
  A shadow (D:14)
  4 wyverns
  A vampire (D:15)
  3 wraiths
  Sigmund (D:6)
  9 yaks
  A warg (Orc:1)
  A harpy simulacrum (D:15)
  A soldier ant (D:14)
  A water moccasin (D:8)
  Edmund (D:6)
  An acid dragon (D:14)
  A hornet zombie (D:14)
  A swamp drake (D:10)
  8 orc warriors
  5 sky beasts
  2 eyes of draining (D:13)
  2 ice beasts
  3 phantoms
  A necrophage (D:12)
  A tengu (D:13)
  13 centaurs
  5 ogres
  Blork the orc (D:6)
  4 big kobolds
  6 bullfrogs
  A water moccasin zombie (D:5)
  7 scorpions
  30 killer bees (D:11)
  12 wights
  3 howler monkeys
  4 jellies
  A quasit (D:5)
  2 bullfrog skeletons (D:13)
  A bullfrog zombie (D:7)
  14 orc priests
  8 centaur skeletons
  8 hounds
  10 orc wizards
  Ijyb (D:4)
  10 worker ants
  9 iguanas
  A hound zombie (D:5)
  A howler monkey zombie (D:6)
  Robin (D:2)
  4 gnolls
  10 adders
  2 shadow imps
  4 white imps
  An ufetubus (D:5)
  An ooze (D:5)
  An adder zombie (D:5)
  An adder skeleton (D:5)
  6 worms
  4 dart slugs
  2 leopard geckos
  65 orcs
  A ball python (D:4)
  10 bats
  8 giant cockroaches
  15 hobgoblins
  7 jackals
  9 quokkas
  6 frilled lizards
  13 goblins
  4 jackal skeletons
  A jackal zombie (D:6)
  17 kobolds
  2 leopard gecko skeletons
  2 quokka skeletons
  15 rats
502 creatures vanquished.

Vanquished Creatures (others)
  An orc wizard (D:9)
  An orc (Orc:1)
  2 plants (D:13)
4 creatures vanquished.

Grand Total: 506 creatures vanquished

Notes
Turn   | Place    | Note
-------+----------+-------------------------------------------
     0 | D:1      | Chiseanne the Demonspawn Wanderer began the quest for the
                  | Orb.
     0 | D:1      | Chiseanne set off with the following items: a +2 shortbow,
                  | 28 arrows, a scroll of teleportation, a potion of
                  | lignification, a +0 robe
     0 | D:1      | Reached XP level 1. HP: 19/19 MP: 1/1
    76 | D:1      | Gained mutation: You have a somewhat thin skeletal
                  | structure. (Dex +2, Stealth) [demonic ancestry]
    76 | D:1      | Reached XP level 2. HP: 25/25 MP: 2/2
   145 | D:1      | Reached skill level 1 in Dodging
   182 | D:1      | Gained mutation: You are partially covered in sharp spines.
                  | [demonic ancestry]
   182 | D:1      | Reached XP level 3. HP: 31/31 MP: 3/3
   899 | D:2      | Gained mutation: You have a moderately thin skeletal
                  | structure. (Dex +4, Stealth+) [demonic ancestry]
   899 | D:2      | Reached XP level 4. HP: 38/38 MP: 4/4
  1116 | D:2      | Noticed Robin
  1129 | D:2      | Killed Robin
  1812 | D:3      | Reached XP level 5. HP: 42/43 MP: 5/5
  2013 | D:3      | Found an opulent altar of Gozag.
  2017 | D:3      | Became a worshipper of Gozag Ym Sagoz the Greedy
  2023 | D:3      | Found a white marble altar of Elyvilon.
  2034 | D:3      | Found a sacrificial altar of Ru.
  2041 | D:3      | Found a burning altar of Makhleb.
  2047 | D:3      | Found a shimmering altar of Xom.
  2056 | D:3      | Found a stormy altar of Qazlal.
  2062 | D:3      | Found an ornate altar of the Wu Jian Council.
  2526 | D:4      | Reached skill level 5 in Fighting
  2845 | D:4      | Gained mutation: You sometimes gain a little power by
                  | taking damage. [demonic ancestry]
  2845 | D:4      | Reached XP level 6. HP: 48/51 MP: 6/6
  3482 | D:4      | Noticed Ijyb
  3498 | D:4      | Killed Ijyb
  3555 | D:5      | Entered Level 5 of the Dungeon
  3572 | D:5      | Gained mutation: You have large cloven feet. [demonic
                  | ancestry]
  3572 | D:5      | Reached XP level 7. HP: 54/56 MP: 7/7
  4028 | D:5      | Reached skill level 6 in Fighting
  4197 | D:5      | Found a bloodstained altar of Trog.
  4256 | D:5      | Reached skill level 5 in Evocations
  4785 | D:6      | Noticed Grinder
  4864 | D:5      | Gained mutation: You sometimes gain power by taking damage.
                  | [demonic ancestry]
  4864 | D:5      | Reached XP level 8. HP: 51/64 MP: 8/8
  5045 | D:6      | Noticed Sigmund
  5212 | D:6      | Killed Sigmund
  5278 | D:6      | Noticed Blork the orc
  5291 | D:6      | Killed Blork the orc
  5384 | D:6      | Noticed Edmund
  5390 | D:6      | Killed Edmund
  5527 | D:6      | Killed Grinder
  5528 | D:6      | Reached skill level 7 in Fighting
  5528 | D:6      | Reached skill level 5 in Dodging
  5628 | D:6      | Noticed Prince Ribbit
  5651 | D:6      | Killed Prince Ribbit
  5652 | D:6      | Reached skill level 5 in Armour
  5652 | D:6      | Gained mutation: You have hoof-like feet. [demonic
                  | ancestry]
  5652 | D:6      | Reached XP level 9. HP: 60/72 MP: 9/9
  5818 | D:7      | Found a staircase to the Ecumenical Temple.
  6054 | D:8      | Noticed Harold
  6073 | D:7      | Killed Harold
  6081 | D:7      | Reached skill level 8 in Fighting
  6204 | D:7      | Found a glowing silver altar of Zin.
  6205 | D:7      | Found a runed translucent door.
  6205 | D:7      | Noticed an angel
  6617 | D:8      | Bought a ring of the Octopus King {rCorr AC+1 EV+1 Str+1
                  | Int+1 Dex+1} for 458 gold pieces
  6617 | D:8      | Found the ring of the Octopus King {rCorr AC+1 EV+1 Str+1
                  | Int+1 Dex+1}
  6903 | D:8      | Found an ancient bone altar of Kikubaaqudgha.
  7757 | D:8      | Reached XP level 10. HP: 81/81 MP: 10/10
  8855 | D:9      | Found a staircase to the Orcish Mines.
  9056 | D:9      | Found a shimmering blue altar of Sif Muna.
  9159 | D:10     | Entered Level 10 of the Dungeon
  9248 | D:10     | Found Fiffaug's Book Emporium.
  9358 | D:10     | Reached skill level 9 in Fighting
  9547 | D:10     | Found Jumavad's Armour Shoppe.
  9558 | D:10     | Bought a +1 pair of boots of flying for 165 gold pieces
  9558 | D:10     | Bought a +0 buckler of protection for 115 gold pieces
  9848 | D:10     | Reached skill level 1 in Shields
 10100 | D:10     | Found a staircase to the Lair.
 10429 | D:11     | Noticed a two-headed ogre
 10436 | D:11     | Killed a two-headed ogre
 10565 | D:11     | Gained mutation: You have hooves in place of feet. [demonic
                  | ancestry]
 10565 | D:11     | Reached XP level 11. HP: 88/89 MP: 11/11
 11456 | D:12     | Found a portal to a secret trove of treasure.
 11474 | D:12     | Found a glowing golden altar of the Shining One.
 11961 | D:12     | Noticed a sun demon
 12178 | D:12     | Noticed a boulder beetle
 12191 | D:12     | Noticed a deep elf mage
 12199 | D:12     | Killed a boulder beetle
 12200 | D:12     | Reached skill level 10 in Fighting
 12200 | D:12     | Killed a deep elf mage
 12586 | D:13     | Found Haror's Antique Weapon Shoppe.
 12752 | D:13     | Noticed a seven-headed hydra
 12765 | D:13     | Killed a four-headed hydra
 12936 | D:13     | Noticed a centaur warrior
 12938 | D:13     | Noticed a centaur warrior
 12948 | D:13     | Killed a centaur warrior
 12950 | D:13     | Killed a centaur warrior
 12951 | D:13     | Gained mutation: Your magical and physical power is
                  | slightly enhanced at high health. [demonic ancestry]
 12951 | D:13     | Reached XP level 12. HP: 40/98 MP: 12/12
 13184 | D:13     | Found Ryoviox's Book Shop.
 13331 | D:13     | Noticed a centaur warrior
 13339 | D:13     | Killed a centaur warrior
 13382 | D:13     | Reached skill level 10 in Evocations
 13386 | D:13     | Reached skill level 5 in Shields
 13733 | D:13     | Noticed a tengu warrior
 13734 | D:13     | Noticed an eight-headed hydra
 13743 | D:13     | Killed a five-headed hydra
 13755 | D:13     | Killed a tengu warrior
 14284 | D:13     | Noticed an eight-headed hydra
 14291 | D:13     | Killed a four-headed hydra
 14736 | D:14     | Noticed Snorg
 14745 | D:14     | Found a runed translucent gate.
 14745 | D:14     | Found a runed translucent gate.
 14745 | D:14     | Found a runed translucent gate.
 14746 | D:14     | Noticed Quickbrownfox's ghost (journeyman DsGl)
 14784 | D:14     | Got a brightly glowing glass ring
 15090 | D:14     | Reached skill level 11 in Fighting
 15116 | D:14     | Identified the cursed +1 quarterstaff "Esu Lue" {vorpal,
                  | rC+ Dex+6}
 15197 | D:14     | Identified the +6 lajatang "Suogorac" {vorpal, rC+ Dex+4}
 15395 | D:14     | Noticed a boulder beetle
 15404 | D:14     | Killed a boulder beetle
 15494 | D:14     | Noticed a boulder beetle
 15512 | D:14     | Killed a boulder beetle
 15604 | D:14     | Noticed a tengu warrior
 15616 | D:14     | Killed a tengu warrior
 15706 | D:14     | Reached XP level 13. HP: 86/106 MP: 13/13
 16129 | D:14     | Reached skill level 10 in Dodging
 16189 | D:14     | Reached skill level 10 in Armour
 16341 | D:14     | Found a gate to the Vaults.
 16515 | D:14     | Noticed Roxanne
 16674 | D:15     | Entered Level 15 of the Dungeon
 16876 | D:14     | Noticed a fire dragon
 16888 | D:14     | Killed a fire dragon
 17305 | D:15     | Reached skill level 12 in Fighting
 17866 | D:15     | Identified the ring "Huak" {+Blink rC- Str+3 Dex+6} (You
                  | found it on level 14 of the Dungeon)
 18126 | D:15     | Found a staircase to the Depths.
 18131 | D:15     | Gained mutation: You are mostly covered in sharp spines.
                  | [demonic ancestry]
 18131 | D:15     | Reached XP level 14. HP: 115/115 MP: 14/14
 18245 | D:15     | Bought a +2 pair of gloves of strength for 365 gold pieces
 18245 | D:15     | Bought a +0 chain mail of poison resistance for 144 gold
                  | pieces
 18278 | D:15     | Bought a +1 helmet of intelligence for 280 gold pieces
 18297 | D:15     | Learned a level 2 spell: Blink
 18693 | Orc:1    | Entered Level 1 of the Orcish Mines
 18700 | Orc:1    | Paralysed by an orc sorcerer for 5 turns
 18711 | Orc:1    | Reached skill level 1 in Spellcasting
 18711 | Orc:1    | Reached skill level 1 in Translocations
 19130 | Orc:2    | Entered Level 2 of the Orcish Mines
 19131 | Orc:2    | Found a runed translucent gate.
 19131 | Orc:2    | Found a runed translucent gate.
 19131 | Orc:2    | Found an opulent altar of Gozag.
 19131 | Orc:2    | Found a runed translucent gate.
 19184 | Orc:2    | Noticed Donald
 19410 | Orc:1    | HP: 2/115 [Donald/+1 eveningstar of holy wrath (18)]
 19410 | Orc:1    | Demolished by Donald

Illustrated notes

Levels and vault maps discovered:
D:1:      lemuel_arrival_rhombus, layout_rooms, minmay_rat_gold_closets
D:2:      layout_loops_ring, minmay_misc_feat_alley, uniq_robin
D:3:      layout_loops_ring, grunt_temple_overflow_octagram
D:4:      layout_cave_pools, minivault_23, minmay_vboxes, uniq_ijyb
D:5:      layout_cave_pools, general_overflow_altar
D:6:      layout_basic, kennysheep_generic_room_8, uniq_grinder, uniq_sigmund,
          uniq_menkaure, uniq_prince_ribbit1, uniq_blork_the_orc, uniq_edmund
D:7:      layout_rooms, minmay_temple_entry_waves, lemuel_angel_altar
D:8:      layout_gridville, old_standard_altar, uniq_harold
D:9:      layout_long_grid, marbit_many_paths, hiddenorc2_lemuel
D:10:     layout_roguey, erik_lair_dragon, serial_shops,
          nicolae_shop_window_shopping, nicolae_shop_statue_plus
D:11:     layout_loops_ring, special_room [special_room_bee], nrook_uturn
D:12:     layout_stronghold, nicolae_trove_entry_columns, minmay_misc_feat_x,
          tso_metal_star
D:13:     layout_small_grid, serial_shops, shop, shop,
          chequers_decorated_corner, serial_bayou_crossing
D:14:     minmay_the_grid_triangle_9x9_recursive_2
          [minmay_the_grid_triangle_9x9_prize_center,
          minmay_the_grid_triangle_9x9_pentomino_pain,
          minmay_the_grid_triangle_9x9_sparse_checkered,
          minmay_the_grid_triangle_9x9_corruption], layout_gridville,
          hangedman_vaults_entry_quadrant_bands, minmay_misc_feat_diagonals,
          gammafunk_ghost_necromancy, columned_hall_lemuel, the_bakery,
          uniq_snorg, uniq_roxanne
D:15:     grunt_enter_depths_snipers, layout_irregular_city,
          corexii_leaking_fountain, hangedman_weighted_door, ldierk_geyser
Orc:1:    layout_caves
Orc:2:    grunt_orc_cross, layout_diamond_mine, ebering_ghost_gozag,
          serial_shops, nicolae_shop_crystal, mines2_david, uniq_donald

Skill      XL: |  1  2  3  4  5  6  7  8  9 10 11 12 13 14 |
---------------+-------------------------------------------+-----
Dodging        | 1 2 3 4 5 6 7 8 9 10 | 10.8
Evocations     | 3 4 5 6 7 8 9 10 11 | 11.8
Fighting       | 5 6 7 8 9 10 11 12 | 12.2
Armour         | 2 3 5 6 7 8 9 10 | 10.8
Shields        | 2 4 6 7 8 |  8.2
Spellcasting   | 1 |  1.4
Translocations | 1 |  1.5
Bows           | |  1.7
Stealth        | |  1.0

Action                   |  1- 3 |  4- 6 |  7- 9 | 10-12 | 13-15 || total
-------------------------+-------+-------+-------+-------+-------++-------
Melee: Short sword       |       |     3 |   120 |   136 |    17 ||   276
       Dire flail        |       |       |    26 |       |       ||    26
       Scimitar          |       |       |       |   295 |   234 ||   529
       Kick              |       |       |       |   147 |   170 ||   317
 Fire: Shortbow          |    85 |   218 |   189 |    72 |       ||   564
Throw: Dart              |       |       |     5 |     5 |    40 ||    50
       Throwing net      |       |       |     4 |     1 |       ||     5
       Boomerang         |       |       |       |    19 |       ||    19
Invok: Call Merchant     |       |       |     1 |       |     2 ||     3
Evoke: Wand              |       |       |    11 |    17 |     1 ||    29
       Condenser vane    |       |       |       |     1 |       ||     1
       Tin of tremorston |       |       |       |       |     2 ||     2
  Use: Scroll            |       |     8 |    14 |     8 |     2 ||    32
       Potion            |       |       |       |     1 |     6 ||     7
 Stab: Paralysed         |       |       |     5 |       |       ||     5
       Sleeping          |       |       |     2 |    12 |     2 ||    16
       Held in net/web   |       |       |     1 |       |       ||     1
       Distracted        |       |       |       |     8 |       ||     8
       Invisible         |       |       |       |     2 |       ||     2
Armor: Robe              |     3 |       |       |       |       ||     3
       Ring mail         |     2 |    23 |    56 |    94 |       ||   175
       Scale mail        |       |       |       |    10 |    52 ||    62
       Leather armour    |       |       |       |     1 |       ||     1
       Chain mail        |       |       |       |       |    13 ||    13
Dodge: Dodged            |    12 |    39 |   109 |   347 |   164 ||   671
Block: Other             |       |       |    35 |    20 |       ||    55
       Reflection        |       |       |     3 |    16 |    23 ||    42
       Buckler           |       |       |       |   261 |   196 ||   457
       Rpst.: Scimitar   |       |       |       |    70 |    39 ||   109
